 Dungeon Crawl Stone Soup version 0.19-a0-569-g984bae3 (webtiles) character file.

65 gallaxhar the Skirmisher (level 4, 0/31 HPs)
             Began as an Octopode Fighter on June 8, 2016.
             Slain by Natasha (5 damage)
             ... on level 2 of the Dungeon.
             The game lasted 00:02:57 (1263 turns).

gallaxhar the Skirmisher (Octopode Fighter)         Turns: 1263, Time: 00:02:59

Health: 0/31       AC:  1    Str: 15    XL:     4   Next: 13%
Magic:  5/5        EV: 11    Int: 11    God:
Gold:   112        SH:  8    Dex: 11    Spells: 0 memorised, 5 levels left

rFire  . . .     SeeInvis .     a - +0 rapier
rCold  . . .     Gourm    .     b - +0 shield
rNeg   . . .     Faith    .     (helmet restricted)
rPois  .         Spirit   .     (no amulet)
rElec  .         Dismiss  .     (no ring)
rCorr  .         Reflect  .     (no ring)
SustAt .         Harm     .     (no ring)
MR     .....                    (no ring)
Stlth  +++.......               (no ring)
                                (no ring)
                                (no ring)
                                (no ring)

@: not resistant to hostile enchantments, fairly stealthy
A: almost no armour, amphibious, 8 rings, constrict 8, camouflage 1, gelatinous
body 1
a: no special abilities


You were on level 2 of the Dungeon.
You were very hungry.

You visited 1 branch of the dungeon, and saw 2 of its levels.

You collected 112 gold pieces.

Inventory:

Hand Weapons
 a - a +0 rapier (weapon)
 l - a +1 spear of flaming
Armour
 b - a +0 shield (worn)
Jewellery
 e - an uncursed ring of fire {unknown}
Scrolls
 f - 5 scrolls of identify {unknown}
 g - a scroll of teleportation {unknown}
 j - a scroll of remove curse {unknown}
 m - 2 scrolls of enchant armour {unknown}
 o - a scroll of enchant weapon {unknown}
Potions
 c - a potion of might
 h - a potion of degeneration {unknown}
 k - a potion of flight {unknown}
 n - a potion of heal wounds {unknown}
Comestibles
 d - a bread ration
 i - a meat ration


   Skills:
 + Level 3.5 Fighting
 + Level 2.4 Short Blades
 + Level 3.4 Dodging
 + Level 1.7 Stealth
 + Level 3.1 Shields
 + Level 1.2 Spellcasting


You had 5 spell levels left.
You didn't know any spells.

Dungeon Overview and Level Annotations

Branches:
Dungeon (2/15)

Altars:
Ashenzari

Annotations:
D:2 Natasha


Innate Abilities, Weirdness & Mutations

You cannot wear most types of armour.
You are amphibious.
You can wear up to eight rings at the same time.
You can use your tentacles to constrict eight enemies at once.
Your skin changes colour to match your surroundings (Stealth+).
Your rubbery body absorbs attacks. (AC +1)


Message History

The magic dart hits you! Natasha claws you!
You hit Natasha. Your grab misses Natasha.
You squeeze Natasha, but do no damage.
Natasha is lightly wounded.
Natasha claws you.
You barely miss Natasha. You grab Natasha.
Natasha is lightly wounded.
You constrict Natasha. Natasha closely misses you.
You hit Natasha.
Natasha is moderately wounded.
You constrict Natasha. Natasha claws you!
* * * LOW HITPOINT WARNING * * *
You hit Natasha.
Natasha is severely wounded.
You constrict Natasha, but do no damage.
Natasha howls an incantation.
You feel troubled. Natasha claws you.
You die...

#..##.#
##.#####.#
#..##.##
.........#
####### .......#
#..#####.#
#...... ..##...#
#. #.# #.#####
....... #. ####.#
# ...#.# ##.#
#....# # .....#
##...##.##.# #
#.......
##.....#.##.#
....##..
#....h@..##$#
#.#.g.
.............#
.......
##...........?...
.. ..#.
##.......######)
g.. ... ##...#..#
... ... ....##..#
....# #..# ###.
#..#


You could see Natasha.

Vanquished Creatures
  3 gnolls (D:2)
  An adder (D:2)
  2 giant geckos (D:1)
  A giant cockroach (D:1)
  5 goblins
  4 hobgoblins (D:2)
  A quokka (D:2)
  3 bats
  A giant newt (D:2)
  2 kobolds (D:1)
  3 rats
26 creatures vanquished.

Notes
Turn   | Place    | Note
--------------------------------------------------------------
     0 | D:1      | gallaxhar the Octopode Fighter began the quest for the Orb.
     0 | D:1      | Reached XP level 1. HP: 16/16 MP: 1/1
   116 | D:1      | Reached XP level 2. HP: 21/21 MP: 2/2
   587 | D:2      | Reached skill level 1 in Stealth
   589 | D:2      | Reached skill level 1 in Spellcasting
   589 | D:2      | Reached XP level 3. HP: 22/26 MP: 4/4
   990 | D:2      | Found a shattered altar of Ashenzari.
  1002 | D:2      | Reached XP level 4. HP: 28/31 MP: 5/5
  1252 | D:2      | Noticed Natasha
  1263 | D:2      | Slain by Natasha

Vault maps used:
D:1:      scummos_arrival_simple_fountains
D:2:      lemuel_crystal_altar, st_stairs_4, minmay_rats_cheesy_pizza,
          uniq_natasha

Skill      XL: |  1  2 |
---------------+-------+-----
Stealth        | 1 |  1.7
Spellcasting   | 1 |  1.2
Fighting       | |  3.5
Short Blades   | |  2.4
Dodging        | |  3.4
Shields        | |  3.1

Action                   |  1- 3 |  4- 6 || total
-------------------------+-------+-------++-------
Melee: Rapier            |    39 |    15 ||    54
       Tentacles         |     9 |     2 ||    11
       Constrict         |     5 |     1 ||     6
 Stab: Sleeping          |     4 |     3 ||     7
Armor: Skin              |     3 |     6 ||     9
Dodge: Dodged            |     8 |     9 ||    17
Block: Shield            |    15 |     7 ||    22
